[Event "Titled Tuesday Blitz April 18 Late 2023"]
[White "WindWhistler11"]
[Black "Feng, Eric"]
[BlackFideId "30952590"]
[WhiteElo "2439"]
[BlackElo "1785"]
[Result "0-1"]
[Round "05"]
[TimeControl "180+2"]
[Date "2023.04.18"]
[WhiteClock "0:00:04"]
[BlackClock "0:00:20"]

1. Nf3 Nf6 2. g3 g6 3. c4 Bg7 4. Bg2 O-O 5. O-O d6 6. b3 e5 7. Bb2 c6 8. d3 h6 9. Nbd2 Be6 10. Qc2 Nbd7 11. Rac1 Qe7 12. e3 Rac8 13. Ba3 c5 14. b4 b5 15. bxc5 Nxc5 16. Nxe5 dxe5 17. d4 exd4 18. exd4 Nfd7 19. dxc5 bxc4 20. Nxc4 Bf5 21. c6 Nc5 22. Qd1 Rfd8 23. Qf3 Rd3 24. Qf4 Qf6 25. Bxc5 g5 26. Qd6 Rxd6 27. Nxd6 Rc7 28. Nxf5 Qxf5 29. Bd6 Rc8 30. c7 Be5 31. Bb7 Bxd6 32. Bxc8 Qxc8 33. Rc6 Bxc7 34. Rfc1 Qf5 35. Rxc7 Qa5 36. Rc8+ Kg7 37. R8c2 h5 38. Rd1 h4 39. Rd4 h3 40. Rd1 Qa4 41. Rdd2 Qe4 42. Kf1 Qh1+ 43. Ke2 Qxh2 44. Rd5 Qg2 45. Rxg5+ Kh6 46. Rg4 h2 47. Rh4+ Kg7 48. Rc1 a5 49. Rg4+ Kf6 50. Rh4 a4 51. Ke3 Qd5 52. Rxh2 Qg5+ 53. f4 Qxg3+ 54. Ke4 Qxh2 55. Rc6+ Ke7 56. Ra6 Qe2+ 0-1


[Site "https://www.chess.com"]

[Event "Titled Tuesday Blitz April 18 Late 2023"]
[White "ElenGajger"]
[Black "Barrientos, Sergio E"]
[BlackFideId "4401824"]
[WhiteElo "2436"]
[BlackElo "2423"]
[Result "1-0"]
[Round "05"]
[TimeControl "180+2"]
[Date "2023.04.18"]
[WhiteClock "0:00:09"]
[BlackClock "0:01:19"]

1. e4 e5 2. d4 exd4 3. Nf3 Nf6 4. Bc4 Nc6 5. e5 d5 6. Bb5 Nd7 7. O-O Bc5 8. Nbd2 O-O 9. Nb3 Bb6 10. Re1 Nc5 11. Nbxd4 Nxd4 12. Nxd4 Ne4 13. f3 Qh4 14. Be3 Ng5 15. Bf2 Qh5 16. Bd3 c5 17. Nf5 Nh3+ 18. gxh3 Bxf5 19. Bxf5 Qxf5 20. Qxd5 Qxc2 21. Qxb7 Qxb2 22. Qe4 Rae8 23. f4 f6 24. e6 f5 25. Qc4 Rf6 26. Rab1 Rg6+ 27. Kf1 Qa3 28. Rb3 Qxa2 29. e7+ Kh8 30. Qf7 Qa6+ 31. Re2 h6 32. Qxe8+ Kh7 33. Qxg6+ Kxg6 34. e8=Q+ Kh7 35. Rg3 Qc4 36. Qg6+ 1-0


[Site "https://www.chess.com"]

[Event "Titled Tuesday Blitz April 18 Late 2023"]
[White "Kozin, Yuri"]
[Black "Cheng, Xiao"]
[WhiteFideId "4129920"]
[BlackFideId "2022915"]
[WhiteElo "2626"]
[BlackElo "2436"]
[Result "1-0"]
[Round "05"]
[TimeControl "180+2"]
[Date "2023.04.18"]
[WhiteClock "0:02:50"]
[BlackClock "0:02:27"]

1. e4 c5 2. Nf3 e6 3. d4 cxd4 4. Nxd4 Nf6 5. Nc3 Nc6 6. Ndb5 d6 7. Bf4 e5 8. Bg5 a6 9. Na3 b5 10. Nd5 Be7 11. Bxf6 Bxf6 12. c3 O-O 13. Nc2 Bg5 14. Be2 f5 15. Bf3 f4 16. Qd3 Ne7 17. Rd1 Be6 18. Ncb4 Qb6 19. Nxb6 1-0


[Site "https://www.chess.com"]

[Event "Titled Tuesday Blitz April 18 Late 2023"]
[White "Martinez Reyes, Pedro Ramon"]
[Black "Le Goff, Ronan"]
[WhiteFideId "3901807"]
[BlackFideId "612073"]
[WhiteElo "2340"]
[BlackElo "2275"]
[Result "0-1"]
[Round "05"]
[TimeControl "180+2"]
[Date "2023.04.18"]
[WhiteClock "0:00:42"]
[BlackClock "0:01:19"]

1. d3 d5 2. Nf3 Nf6 3. g3 Nc6 4. Bg2 e5 5. O-O Bc5 6. c4 dxc4 7. Qa4 O-O 8. Qxc4 Bb6 9. Nc3 Be6 10. Qa4 h6 11. Bd2 Re8 12. Rfc1 Qd7 13. Qd1 Bh3 14. Na4 Bxg2 15. Kxg2 Nd4 16. Be3 Nxf3 17. exf3 Rad8 18. Nc5 Bxc5 19. Rxc5 b6 20. Rc4 c5 21. Rc3 Nd5 22. Ra3 Nb4 23. Qe2 a5 24. Rd1 Qd5 25. h4 Re6 26. Kh2 Rf6 27. f4 Re8 28. fxe5 Rxe5 29. Kg1 Rg6 30. Kh2 Nc6 31. Ra4 Nd4 32. Qf1 Nf3+ 33. Kh3 Rh5 34. Re4 Qf5+ 35. Kg2 Nxh4+ 36. Kg1 Nf3+ 37. Kg2 Rh2# 0-1


[Site "https://www.chess.com"]

[Event "Titled Tuesday Blitz April 18 Late 2023"]
[White "Mazurkiewicz, Michal"]
[Black "Krishnan, Varun"]
[WhiteFideId "1124943"]
[BlackFideId "5054508"]
[WhiteElo "2054"]
[BlackElo "2605"]
[Result "1-0"]
[Round "05"]
[TimeControl "180+2"]
[Date "2023.04.18"]
[WhiteClock "0:00:27"]
[BlackClock "0:00:04"]

1. e4 e5 2. Nf3 Nc6 3. Bb5 a6 4. Bxc6 dxc6 5. O-O Bg4 6. h3 h5 7. d3 Qf6 8. Nbd2 Bd6 9. Re1 Ne7 10. d4 Ng6 11. hxg4 hxg4 12. Nh2 Rxh2 13. Qxg4 Rh4 14. Qg3 O-O-O 15. Nf3 Rh7 16. Qg4+ Kb8 17. Bg5 Rdh8 18. g3 Qe6 19. Qxe6 fxe6 20. dxe5 Nxe5 21. Nxe5 Bxe5 22. c3 Rh1+ 23. Kg2 R1h2+ 24. Kg1 Rh1+ 25. Kg2 R1h2+ 26. Kg1 R2h5 27. Be3 g5 28. Kg2 Rh2+ 29. Kf3 Bd6 30. Kg4 b5 31. a4 Kb7 32. axb5 cxb5 33. Red1 e5 34. b3 Kc6 35. c4 Kb7 36. c5 Be7 37. Rd7 R2h7 38. Rd5 Bf6 39. c6+ Kxc6 40. Rxa6+ Kb7 41. Rxf6 Ra8 42. Rxb5+ Kc8 43. Rf8+ Kd7 44. Rxa8 Kc6 45. Rxe5 Kb7 46. Raa5 c6 47. Ra7+ Kb8 48. Re8# 1-0


[Site "https://www.chess.com"]

[Event "Titled Tuesday Blitz April 18 Late 2023"]
[White "Di Berardino, Diego Rafael"]
[Black "Kielinkei"]
[WhiteFideId "2105446"]
[WhiteElo "2432"]
[BlackElo "2428"]
[Result "1-0"]
[Round "05"]
[TimeControl "180+2"]
[Date "2023.04.18"]
[WhiteClock "0:01:26"]
[BlackClock "0:00:53"]

1. e4 c5 2. Nf3 g6 3. d4 cxd4 4. Nxd4 Bg7 5. c4 Nc6 6. Be3 Nf6 7. Nc3 Ng4 8. Qxg4 Nxd4 9. Qd1 Nc6 10. Rc1 d6 11. Qd2 O-O 12. Be2 Bd7 13. O-O Qa5 14. Rfd1 Rac8 15. b3 Rfd8 16. f3 Bh8 17. Kh1 Bg7 18. Bg5 Re8 19. Bh4 Qh5 20. Bg5 h6 21. Be3 Red8 22. Nd5 Be8 23. f4 Qh4 24. Rf1 1-0


[Site "https://www.chess.com"]

[Event "Titled Tuesday Blitz April 18 Late 2023"]
[White "cryptoguru02"]
[Black "Mackster23"]
[WhiteElo "2603"]
[BlackElo "2428"]
[Result "1/2-1/2"]
[Round "05"]
[TimeControl "180+2"]
[Date "2023.04.18"]
[WhiteClock "0:00:05"]
[BlackClock "0:00:05"]

1. d4 Nf6 2. c4 g6 3. Nc3 Bg7 4. e4 O-O 5. Be2 d6 6. Be3 c5 7. d5 e6 8. Nf3 exd5 9. cxd5 b5 10. e5 Ng4 11. Bg5 Qb6 12. exd6 c4 13. O-O Nd7 14. a4 b4 15. Ne4 Ba6 16. h3 f5 17. hxg4 fxe4 18. Nd2 Bxb2 19. Rb1 Bd4 20. Nxe4 Be5 21. Be3 Qa5 22. Ng5 Rfc8 23. Bd4 Qxd5 24. Bxe5 Qxe5 25. Nf3 Qg7 26. Rxb4 Qf7 27. Ng5 Qf6 28. Qd5+ Kh8 29. Ne4 Qe5 30. Qxe5+ Nxe5 31. Rc1 Rc6 32. f4 Nd7 33. Kf2 Rac8 34. Ke3 c3 35. Bxa6 Rxa6 36. Rxc3 Rxc3+ 37. Nxc3 Rxd6 38. Rb7 Nc5 39. Rc7 Rd3+ 40. Ke2 Rxc3 41. Rc8+ Kg7 42. Rc7+ Kf6 43. Rxa7 Ne4 44. a5 Ra3 45. Ra6+ Kg7 46. Ra7+ Kf6 47. Rxh7 Rxa5 48. Rb7 Nd6 49. Rb6 Ke6 50. Kf3 Ra3+ 51. Kf2 Ke7 52. Rc6 Ra2+ 53. Kg3 Ra3+ 54. Kh4 Ra2 55. Kg5 Rxg2 56. Rc7+ Ke6 57. Rc6 Rg1 58. Ra6 Kd5 59. Ra5+ Ke6 60. Ra6 Ke7 61. Ra7+ Ke6 62. Ra6 1/2-1/2


[Site "https://www.chess.com"]

[Event "Titled Tuesday Blitz April 18 Late 2023"]
[White "Gatterer, Florian"]
[Black "Sokolovsky, Yahli"]
[WhiteFideId "811688"]
[BlackFideId "2820242"]
[WhiteElo "2221"]
[BlackElo "2316"]
[Result "1/2-1/2"]
[Round "05"]
[TimeControl "180+2"]
[Date "2023.04.18"]
[WhiteClock "0:02:32"]
[BlackClock "0:02:49"]

1. Nf3 d6 2. d4 Bg4 3. c4 Bxf3 4. exf3 c5 5. dxc5 dxc5 6. Qxd8+ Kxd8 7. Be3 e6 8. Nc3 Nd7 9. O-O-O a6 10. Na4 Kc7 11. Rxd7+ Kxd7 12. Nb6+ Kc6 13. Nxa8 Nf6 1/2-1/2


[Site "https://www.chess.com"]

[Event "Titled Tuesday Blitz April 18 Late 2023"]
[White "Papayan, Oleg"]
[Black "Janaszak, Dawid"]
[WhiteFideId "4193911"]
[BlackFideId "1119206"]
[WhiteElo "2153"]
[BlackElo "2220"]
[Result "0-1"]
[Round "05"]
[TimeControl "180+2"]
[Date "2023.04.18"]
[WhiteClock "0:00:03"]
[BlackClock "0:00:10"]

1. e4 c5 2. d4 cxd4 3. Qxd4 Nc6 4. Qd3 Nf6 5. Nc3 g6 6. Nf3 Bg7 7. Be2 O-O 8. O-O d5 9. Nxd5 Nxd5 10. exd5 Nb4 11. Qb3 a5 12. c3 Na6 13. Be3 a4 14. Qxa4 Qxd5 15. Rfd1 Qh5 16. Qb5 Qxb5 17. Bxb5 Bg4 18. Be2 e5 19. h3 Bf5 20. Nh4 Be6 21. Bf3 Rab8 22. Bd5 Nc7 23. Bxe6 Nxe6 24. Nf3 b5 25. Rd5 b4 26. Nxe5 bxc3 27. bxc3 Rfc8 28. Bd4 Rb2 29. a4 Nf4 30. Rb5 Re2 31. Nf3 Bxd4 32. cxd4 Rcc2 33. Rf1 Ra2 34. a5 Nd3 35. Ne5 Nxf2 36. Kh2 Ne4 37. Rg1 Nd2 38. Rb8+ Kg7 39. Rb7 Rf2 40. Rb5 Nf1+ 41. Kh1 Ng3+ 42. Kh2 Ne2 43. Kh1 Nxg1 44. Kxg1 Rxg2+ 45. Kf1 Rgd2 46. Rb7 Rd1# 0-1


[Site "https://www.chess.com"]

[Event "Titled Tuesday Blitz April 18 Late 2023"]
[White "Vlassov, Nikolai"]
[Black "Yeritsyan, Hayk"]
[WhiteFideId "4103360"]
[BlackFideId "13307320"]
[WhiteElo "2324"]
[BlackElo "2407"]
[Result "1-0"]
[Round "05"]
[TimeControl "180+2"]
[Date "2023.04.18"]
[WhiteClock "0:00:05"]
[BlackClock "0:00:02"]

1. e4 c6 2. d4 d5 3. e5 c5 4. dxc5 e6 5. Nf3 Bxc5 6. a3 Nc6 7. Bd3 Nge7 8. b4 Bb6 9. Bb2 Ng6 10. Nbd2 Bc7 11. Bxg6 hxg6 12. c4 Rh5 13. Qe2 Kf8 14. Rd1 Kg8 15. h4 Qe8 16. g4 Rh7 17. Ng5 Rh8 18. f4 Bd8 19. Ndf3 dxc4 20. Qxc4 Ne7 21. Qd4 Bb6 22. Qd3 Nd5 23. f5 Bd7 24. Bd4 Bb5 25. Qe4 Bc6 26. b5 Bxb5 27. Bxb6 axb6 28. fxg6 fxg6 29. Rc1 Rxa3 30. Kf2 Ra2+ 31. Kg3 Bc6 32. Nd4 Ra4 33. Ngf3 Ne7 34. Qe3 Nd5 35. Qg5 Qe7 36. Nxc6 bxc6 37. Rxc6 Qxg5 38. Nxg5 Ra8 39. Rhc1 Ra3+ 40. Kf2 Ne7 41. Rc8+ Nxc8 42. Rxc8# 1-0


[Site "https://www.chess.com"]

[Event "Titled Tuesday Blitz April 18 Late 2023"]
[White "Vovk, Orest"]
[Black "Gonzalez, Francisco Silva"]
[WhiteFideId "14113490"]
[BlackFideId "1512285"]
[WhiteElo "2215"]
[BlackElo "2074"]
[Result "1-0"]
[Round "05"]
[TimeControl "180+2"]
[Date "2023.04.18"]
[WhiteClock "0:00:12"]
[BlackClock "0:01:33"]

1. c4 e6 2. Nc3 d5 3. cxd5 exd5 4. d4 Nf6 5. Nf3 Be6 6. g3 Be7 7. Bg2 h6 8. O-O O-O 9. Bf4 a5 10. Nb5 c6 11. Nc7 Ra7 12. Nxe6 fxe6 13. Ne5 g5 14. Be3 Kg7 15. Qc2 Qe8 16. f4 g4 17. f5 Na6 18. fxe6 Nb4 19. Qf5 Qh5 20. Qxh5 Nxh5 21. Rxf8 Bxf8 22. Rf1 Kg8 23. Rf7 Nc2 24. Bf2 Ra8 25. e4 Ng7 26. e7 Bxe7 27. Rxe7 Kf8 28. Rxb7 Rd8 29. Nxc6 Rd6 30. exd5 Nb4 31. Nxb4 axb4 32. Rb8+ Kf7 33. Rxb4 Nf5 34. a4 h5 35. a5 Ra6 36. Rb5 Nd6 37. Rb6 Rxa5 38. Rxd6 Ra1+ 39. Bf1 Rb1 40. Rb6 h4 41. gxh4 Kg7 42. Kg2 Rd1 43. d6 Rd2 44. d7 g3 45. hxg3 Rxd4 46. Bxd4+ Kf7 47. Bf2 Kg7 48. d8=Q 1-0


[Site "https://www.chess.com"]

[Event "Titled Tuesday Blitz April 18 Late 2023"]
[White "Rosen, Eric"]
[Black "Ramirez Vido, Robert Yorisan"]
[WhiteFideId "2032562"]
[BlackFideId "3513823"]
[WhiteElo "2331"]
[BlackElo "2401"]
[Result "1-0"]
[Round "05"]
[TimeControl "180+2"]
[Date "2023.04.18"]
[WhiteClock "0:00:02"]
[BlackClock "0:00:01"]

1. d4 g6 2. e4 d6 3. Nf3 Nf6 4. Nc3 Bg7 5. Be2 O-O 6. O-O e5 7. h3 Nc6 8. Be3 Nd7 9. dxe5 Ndxe5 10. Nxe5 Nxe5 11. f4 Nc6 12. Bf3 Re8 13. Qd2 f5 14. Rad1 fxe4 15. Bxe4 Bxc3 16. Bd5+ Be6 17. bxc3 Qe7 18. f5 gxf5 19. Rxf5 Bxd5 20. Qxd5+ Qe6 21. Rg5+ Kh8 22. Bd4+ Ne5 23. Qxb7 Rg8 24. Rxe5 dxe5 25. Re1 Rae8 26. Qxc7 Rg5 27. h4 Rf5 28. g4 Qg6 29. Re4 Ref8 30. Bxe5+ Kg8 31. Qc4+ 1-0


[Site "https://www.chess.com"]

[Event "Titled Tuesday Blitz April 18 Late 2023"]
[White "Gerbelli Neto, Eduardo"]
[Black "Srinath, Rao S.V."]
[WhiteFideId "2103281"]
[BlackFideId "5028876"]
[WhiteElo "2178"]
[BlackElo "2196"]
[Result "0-1"]
[Round "05"]
[TimeControl "180+2"]
[Date "2023.04.18"]
[WhiteClock "0:00:23"]
[BlackClock "0:00:11"]

1. e4 e5 2. Nf3 Nc6 3. d4 exd4 4. Nxd4 Qh4 5. Nc3 Bb4 6. Nb5 Qxe4+ 7. Qe2 Qxe2+ 8. Bxe2 Bxc3+ 9. bxc3 Kd8 10. Bf4 d6 11. O-O-O Be6 12. c4 a6 13. Nd4 Nxd4 14. Rxd4 Ne7 15. c5 d5 16. Bf3 Kd7 17. c4 c6 18. g4 Ke8 19. Bd6 dxc4 20. Re1 Rd8 21. Be2 Nc8 22. Bxc4 Nxd6 23. cxd6 Kd7 24. Bxe6+ fxe6 25. Rde4 Rhe8 26. f4 Kxd6 27. f5 e5 28. Rd1+ Kc7 29. Rde1 Rd5 30. g5 Kd6 31. h4 Rf8 32. Rf1 Rd4 33. Rxd4+ exd4 34. Kd2 Ke5 35. f6 gxf6 36. Re1+ Kd6 37. Rf1 Ke6 38. Kd3 Rf7 39. Re1+ Kd7 40. Rf1 Ke7 41. Re1+ Kf8 42. gxf6 Rxf6 43. Kxd4 Rf4+ 44. Kc5 Rxh4 45. Kb6 Rb4+ 46. Kc7 Rb2 47. a4 h5 48. Re4 Kf7 49. Kd6 Kf6 50. Rf4+ Kg5 51. Re4 h4 52. Re7 h3 53. Rh7 h2 54. Kc5 b5 55. Kxc6 bxa4 0-1


[Site "https://www.chess.com"]

[Event "Titled Tuesday Blitz April 18 Late 2023"]
[White "Ansh M Shah"]
[Black "MKlose11"]
[WhiteFideId "25033379"]
[WhiteElo "2084"]
[BlackElo "2574"]
[Result "0-1"]
[Round "05"]
[TimeControl "180+2"]
[Date "2023.04.18"]
[WhiteClock "0:00:08"]
[BlackClock "0:00:38"]

1. d4 Nf6 2. c4 c5 3. d5 b5 4. cxb5 a6 5. e3 g6 6. Nc3 Bg7 7. Nf3 O-O 8. a4 d6 9. e4 Nbd7 10. Bg5 Ne8 11. Qd2 Nc7 12. Bh6 axb5 13. Nxb5 Nxb5 14. Bxg7 Kxg7 15. Bxb5 Ba6 16. Bxa6 Rxa6 17. O-O Qb6 18. a5 Qb5 19. Qc3+ f6 20. Ra3 Rb8 21. Ra2 Qb3 22. Rfa1 Rb5 23. Ng5 Nf8 24. Nf3 Kf7 25. h3 Nd7 26. Nd2 Qb4 27. Nc4 Qb3 28. Ra3 Qb4 29. Ra4 Qxc3 30. bxc3 f5 31. f3 fxe4 32. fxe4 Nf6 33. e5 Nxd5 34. exd6 exd6 35. R4a3 Nf6 36. Rd1 d5 37. Ne5+ Ke6 38. c4 Rbxa5 0-1


[Site "https://www.chess.com"]

[Event "Titled Tuesday Blitz April 18 Late 2023"]
[White "Perske, Thore"]
[Black "EsmeraldasAnderson03"]
[WhiteFideId "12902195"]
[WhiteElo "2336"]
[BlackElo "2385"]
[Result "1-0"]
[Round "05"]
[TimeControl "180+2"]
[Date "2023.04.18"]
[WhiteClock "0:00:35"]
[BlackClock "0:00:02"]

1. d4 d5 2. Nf3 c5 3. g3 cxd4 4. Bg2 h6 5. O-O Nf6 6. c4 dxc4 7. Nxd4 e5 8. Nb5 Qxd1 9. Rxd1 Na6 10. Be3 Bc5 11. Bxc5 Nxc5 12. Nc7+ Ke7 13. Nxa8 Ne6 14. Na3 e4 15. Nxc4 Bd7 16. Nab6 axb6 17. Nxb6 Bc6 18. a4 Rd8 19. b4 Nd5 20. Nxd5+ Bxd5 21. a5 f5 22. b5 Nc7 23. a6 Nxb5 24. a7 Nc7 25. Rxd5 Rxd5 26. a8=Q Nxa8 27. Rxa8 b5 28. Rb8 Kd6 29. e3 Rd1+ 30. Bf1 Kc6 31. Kg2 Rb1 32. h4 b4 33. Bc4 Kc7 34. Rb5 Kc6 35. Rxf5 b3 36. Bd5+ Kd6 37. Bxe4 Rc1 38. Rb5 Rc3 39. Bg6 Kc6 40. Rb8 Kc7 41. Rb4 Kd6 42. Bf7 Rc7 43. Bxb3 Ke5 44. Bd1 Kf6 45. Bf3 Rc2 46. Be4 Ra2 47. h5 Kg5 48. Rb5+ Kf6 49. Bg6 1-0


[Site "https://www.chess.com"]

[Event "Titled Tuesday Blitz April 18 Late 2023"]
[White "Szyszylo, Rafal"]
[Black "Melikyan, Gnel"]
[WhiteFideId "1109626"]
[BlackFideId "54109990"]
[WhiteElo "1951"]
[BlackElo "2138"]
[Result "0-1"]
[Round "05"]
[TimeControl "180+2"]
[Date "2023.04.18"]
[WhiteClock "0:00:04"]
[BlackClock "0:00:42"]

1. e4 d5 2. exd5 Qxd5 3. Nf3 Nf6 4. Be2 g6 5. d4 Bg7 6. c4 Qd6 7. Qb3 O-O 8. Nc3 c6 9. O-O Nbd7 10. Rd1 Qc7 11. d5 cxd5 12. cxd5 Nb6 13. Be3 Rd8 14. Rd2 Bf5 15. Rad1 Ne4 16. Nxe4 Bxe4 17. g3 Rac8 18. Bf4 Qc5 19. d6 e6 20. Bg5 Rd7 21. Be7 Nd5 22. Ng5 Bc2 23. Rc1 Bxb3 24. Rxc5 Rxc5 25. axb3 Bf8 26. Ne4 Rc1+ 27. Kg2 Bxe7 28. dxe7 Rxe7 29. Bc4 Kg7 30. Nc5 Rc7 31. Bxd5 R1xc5 32. Bc4 Rxc4 33. bxc4 Rxc4 34. Rd3 Rb4 35. b3 b5 36. Kf3 a5 37. Ke3 a4 38. bxa4 bxa4 39. Rd7 Rb3+ 40. Ke4 Rb2 41. Ke3 a3 42. Ra7 a2 43. h4 h5 44. f3 Kf6 45. g4 hxg4 46. fxg4 Rh2 47. g5+ Ke5 48. Kf3 Kd4 49. Kg3 Rb2 50. Ra4+ Kc3 51. Kg4 Kc2 52. h5 gxh5+ 53. Kxh5 Kb1 54. Kh6 Rg2 55. Kg7 Rxg5+ 56. Kxf7 a1=Q 57. Rxa1+ Kxa1 58. Kxe6 Kb2 59. Kf6 Rg2 60. Kf5 Re2 61. Kf4 Kc3 62. Kf3 Kd3 0-1


[Site "https://www.chess.com"]

[Event "Titled Tuesday Blitz April 18 Late 2023"]
[White "Lorenzo De La Riva, Lazaro"]
[Black "Osmak, Yuliia"]
[WhiteFideId "2268809"]
[BlackFideId "14101602"]
[WhiteElo "2294"]
[BlackElo "2291"]
[Result "1-0"]
[Round "05"]
[TimeControl "180+2"]
[Date "2023.04.18"]
[WhiteClock "0:00:24"]
[BlackClock "0:00:07"]

1. d4 Nf6 2. Nc3 d5 3. Bf4 a6 4. Nf3 c5 5. dxc5 Nc6 6. a3 Bg4 7. b4 d4 8. Na4 Bxf3 9. exf3 e5 10. Bd2 Be7 11. Bd3 O-O 12. O-O Nd5 13. g3 Rb8 14. c4 dxc3 15. Bxc3 Nxc3 16. Nxc3 Nd4 17. Be4 f5 18. Bd5+ Kh8 19. f4 Bf6 20. fxe5 Bxe5 21. Re1 Qf6 22. Rc1 Rbd8 23. Bg2 f4 24. Nd5 Qf5 25. Be4 Qg5 26. h4 Qh6 27. Qg4 fxg3 28. fxg3 Bxg3 29. Qxg3 Qxc1 30. Rxc1 Ne2+ 31. Kg2 Nxg3 32. Kxg3 Rfe8 33. Bf3 Re5 34. Rd1 g5 35. h5 Kg7 36. a4 h6 37. b5 axb5 38. axb5 g4 39. Bg2 Rxh5 40. c6 bxc6 41. bxc6 Rc8 42. Rc1 Re5 43. c7 h5 44. Nb6 Re3+ 45. Kf4 Ree8 46. Nxc8 Rxc8 47. Bb7 1-0


[Site "https://www.chess.com"]

[Event "Titled Tuesday Blitz April 18 Late 2023"]
[White "Omranalhosani21"]
[Black "Hoffmann, Asa"]
[BlackFideId "2001470"]
[WhiteElo "2562"]
[BlackElo "2117"]
[Result "1-0"]
[Round "05"]
[TimeControl "180+2"]
[Date "2023.04.18"]
[WhiteClock "0:01:22"]
[BlackClock "0:00:22"]

1. d4 Nf6 2. c4 c5 3. d5 e5 4. e3 d6 5. f4 Nbd7 6. Nf3 exf4 7. exf4 g6 8. Bd3 Bg7 9. O-O O-O 10. Nc3 Re8 11. Qc2 a6 12. Bd2 Rb8 13. Rae1 Nf8 14. f5 Bd7 15. Bg5 Qa5 16. Bxf6 Bxf6 17. Ne4 Bg7 18. fxg6 hxg6 19. Nxd6 Rxe1 20. Rxe1 Qb6 21. Ne4 Qxb2 22. Qxb2 Bxb2 23. Nxc5 Bg4 24. Rb1 Ba3 25. Nxb7 Bxf3 26. gxf3 Nd7 27. Rb3 Nc5 28. Nxc5 Bxc5+ 29. Kg2 Re8 30. Rb7 Re3 31. Rc7 Bd6 32. Rc6 Bf4 33. Be4 f5 34. Rxg6+ Kf7 35. Bxf5 Re2+ 36. Kf1 Rxh2 37. Rxa6 Rb2 38. c5 Be3 39. c6 Rf2+ 40. Ke1 Rxf3 41. c7 1-0


[Site "https://www.chess.com"]

[Event "Titled Tuesday Blitz April 18 Late 2023"]
[White "Szente Varga, Fruzsina"]
[Black "Blomqvist, Erik"]
[WhiteFideId "712264"]
[BlackFideId "1709437"]
[WhiteElo "1994"]
[BlackElo "2436"]
[Result "0-1"]
[Round "05"]
[TimeControl "180+2"]
[Date "2023.04.18"]
[WhiteClock "0:00:08"]
[BlackClock "0:00:48"]

1. e4 c5 2. Nf3 d6 3. d4 cxd4 4. Qxd4 Nc6 5. Bb5 Bd7 6. Qd3 g6 7. c4 Bg7 8. Nc3 Nf6 9. O-O O-O 10. h3 Nb4 11. Qe2 a6 12. Bxd7 Nxd7 13. Be3 Bxc3 14. bxc3 Nc6 15. Nd4 Rc8 16. Rab1 Qc7 17. Bh6 Rfe8 18. Qb2 Na5 19. f4 Qxc4 20. Rf3 Nc5 21. Qc2 Nc6 22. Nxc6 Rxc6 23. Re1 b5 24. f5 Nd7 25. fxg6 hxg6 26. Bf4 b4 27. e5 dxe5 28. Bxe5 Qc5+ 29. Bd4 Qxd4+ 30. Kh2 Rxc3 31. Qa4 Rxf3 0-1


[Site "https://www.chess.com"]

[Event "Titled Tuesday Blitz April 18 Late 2023"]
[White "Bayramov, Zaur"]
[Black "crosky"]
[WhiteFideId "13405080"]
[WhiteElo "2195"]
[BlackElo "2368"]
[Result "1/2-1/2"]
[Round "05"]
[TimeControl "180+2"]
[Date "2023.04.18"]
[WhiteClock "0:01:45"]
[BlackClock "0:00:30"]

1. d4 Nf6 2. Nf3 e6 3. Bf4 c5 4. c3 b6 5. e3 Bb7 6. Nbd2 cxd4 7. exd4 d6 8. Bd3 Nbd7 9. Ke2 Be7 10. Re1 O-O 11. Kf1 Re8 12. Kg1 Nf8 13. Ne4 Ng6 14. Bd2 Nxe4 15. Bxe4 Bxe4 16. Rxe4 d5 17. Re1 b5 18. g3 a5 19. h4 Bf8 20. h5 Ne7 21. Ne5 Nf5 22. h6 g6 23. Qc1 Rc8 24. Nf3 b4 25. g4 Nd6 26. Bg5 Be7 27. Bxe7 Qxe7 28. Qf4 bxc3 29. bxc3 Rxc3 30. Rac1 Rec8 31. Rxc3 Rxc3 32. Rc1 Rxc1+ 33. Qxc1 Nc4 34. Qf4 Qd6 35. Ne5 Nxe5 36. dxe5 Qb4 37. Qf6 Qxg4+ 38. Kf1 Qd1+ 39. Kg2 Qg4+ 40. Kf1 Qd1+ 41. Kg2 Qg4+ 42. Kf1 1/2-1/2


[Site "https://www.chess.com"]

[Event "Titled Tuesday Blitz April 18 Late 2023"]
[White "Zarnicki, Pablo"]
[Black "Bogaudinov, Rushan"]
[WhiteFideId "100137"]
[BlackFideId "4129288"]
[WhiteElo "2468"]
[BlackElo "1967"]
[Result "1-0"]
[Round "05"]
[TimeControl "180+2"]
[Date "2023.04.18"]
[WhiteClock "0:00:42"]
[BlackClock "0:00:01"]

1. e4 c5 2. Nf3 e6 3. c3 d5 4. exd5 Qxd5 5. d4 Nf6 6. Be2 Nc6 7. O-O Be7 8. Be3 cxd4 9. cxd4 O-O 10. Nc3 Qd8 11. Rc1 a6 12. Re1 Bd7 13. Ne5 Nb4 14. Bf3 Nbd5 15. Bg5 Nxc3 16. bxc3 Rb8 17. Qb3 h6 18. Bf4 b5 19. Nxd7 Qxd7 20. Bxb8 Rxb8 21. Red1 Bd6 22. g3 h5 23. Kg2 h4 24. Qc2 g6 25. c4 bxc4 26. Qxc4 Rb2 27. Rc2 Rxc2 28. Qxc2 Kg7 29. Qc6 Qe7 30. Rb1 h3+ 31. Kxh3 Nh7 32. Kg2 Ng5 33. h4 Nxf3 34. Qxf3 a5 35. Rb7 Qf8 36. a4 Bb4 37. h5 gxh5 38. Qxh5 Kg8 39. Qg5+ Qg7 40. Rb8+ Bf8 41. Qxg7+ Kxg7 42. g4 Bd6 43. Ra8 Bb4 44. f4 Kf6 45. Kf3 Ke7 46. Ra7+ Kf6 47. g5+ Kg6 48. Ke4 Be1 49. Ra6 Kg7 50. f5 exf5+ 51. Kxf5 Bd2 52. d5 Bb4 53. d6 Kf8 54. Ra8+ Kg7 55. d7 Be7 56. Re8 f6 57. Rxe7+ 1-0


[Site "https://www.chess.com"]

[Event "Titled Tuesday Blitz April 18 Late 2023"]
[White "Skaric, Djuro"]
[Black "Sanchez Alvares, Kelvin Antonio"]
[WhiteFideId "934569"]
[BlackFideId "3906680"]
[WhiteElo "2282"]
[BlackElo "2217"]
[Result "0-1"]
[Round "05"]
[TimeControl "180+2"]
[Date "2023.04.18"]
[WhiteClock "0:01:41"]
[BlackClock "0:00:10"]

1. g3 d5 2. Bg2 c6 3. d3 e5 4. Nf3 Bd6 5. O-O Bg4 6. h3 Bh5 7. Nc3 Nd7 8. e4 d4 9. Ne2 Ngf6 10. g4 Bg6 11. c3 dxc3 12. bxc3 O-O 13. Ng3 Bc7 14. Nf5 Re8 15. Bg5 Nc5 16. Nxe5 Bxe5 17. d4 Ncxe4 18. dxe5 Qxd1 19. Rfxd1 Rxe5 20. f4 Rb5 21. Ne7+ Kf8 22. Bxf6 Nxf6 23. Nxg6+ hxg6 24. g5 Nh5 25. Rd4 Rc5 26. c4 Ng3 27. Kf2 Nf5 28. Rd7 Rxc4 29. Re1 Rc2+ 30. Kg1 Re8 31. Rxe8+ Kxe8 32. Rxb7 Rxa2 33. Bxc6+ Kf8 34. Bd5 Ra1+ 35. Kf2 Nd6 36. Rd7 Ra6 37. h4 Ke8 38. Rc7 Ra5 39. Bc6+ Kf8 40. Rd7 Nf5 41. Bd5 Nxh4 42. Rxf7+ Ke8 43. Be4 Kxf7 44. Kg3 Nf5+ 45. Kf3 Ra3+ 0-1


[Site "https://www.chess.com"]

[Event "Titled Tuesday Blitz April 18 Late 2023"]
[White "Boder, Jan"]
[Black "Tomaszewski, Kacper"]
[WhiteFideId "16243226"]
[BlackFideId "1127373"]
[WhiteElo "2241"]
[BlackElo "2211"]
[Result "0-1"]
[Round "05"]
[TimeControl "180+2"]
[Date "2023.04.18"]
[WhiteClock "0:00:02"]
[BlackClock "0:00:36"]

1. c4 b6 2. Nc3 Bb7 3. e4 c5 4. d3 e6 5. g3 d6 6. Bg2 Nd7 7. Nf3 a6 8. O-O Qc7 9. Nh4 Ngf6 10. f4 Be7 11. f5 Ne5 12. Bf4 Bc6 13. Bxe5 dxe5 14. fxe6 fxe6 15. Bh3 Qd6 16. Qe2 O-O-O 17. Rad1 Kb7 18. Nf3 h6 19. a4 a5 20. Nh4 g5 21. Ng6 Rhg8 22. Nxe7 Qxe7 23. Nb5 Bxb5 24. axb5 g4 25. Bg2 Rdf8 26. Rf2 Nd7 27. Rdf1 h5 28. Rxf8 Rxf8 29. Rxf8 Qxf8 30. h3 Nf6 31. Kh2 Qg7 32. Qe3 Kc7 33. b3 Kd6 34. Qf2 Qg6 35. Qe3 Qg7 36. Bf1 Ke7 37. Qf2 Qg5 38. Bg2 Qc1 39. Qe2 Kf7 40. Qf2 Kg6 41. Qe2 Qb1 42. Qe3 Qxb3 43. h4 Nh7 44. Bf1 a4 45. Be2 Qc2 46. Qf2 a3 47. Qf1 a2 0-1


[Site "https://www.chess.com"]